 Dungeon Crawl Stone Soup version 0.27.1-16-g815e20cd7a (webtiles) character file.

Game seed: 4885031587696221856

4125 ces the Unseen (level 10, -3/48 HPs)
             Began as a Spriggan Brigand on Nov 22, 2021.
             Was the Champion of Elyvilon.
             Slain by a two-headed ogre (18 damage)
             ... on level 10 of the Dungeon.
             The game lasted 00:47:29 (16999 turns).

ces the Unseen (Spriggan Brigand)                  Turns: 16999, Time: 00:47:30

Health: -3/48      AC:  4    Str:  7    XL:     10   Next: 6%
Magic:  10/16      EV: 24    Int: 13    God:    Elyvilon [******]
Gold:   292        SH:  0    Dex: 20    Spells: 11/16 levels left

rFire    + . .     SeeInvis +   a - +2 dagger
rCold    . . .     Faith    .   (shield restricted)
rNeg     . . .     Spirit   .   b - +1 robe
rPois    .         Reflect  .   (helmet restricted)
rElec    +         Harm     .   c - +0 cloak
rCorr    .         Rampage  .   (gloves unavailable)
Will     +....     Rnd*Rage +   (boots unavailable)
Stlth    ++++++....             (no amulet)
HPRegen  0.16/turn              l - +4 ring of evasion
MPRegen  0.15/turn              y - ring of protection from fire

@: on berserk cooldown, slowed, quick
A: very small, no large weapons, unfitting armour, see invisible, speed 3, claws
1, berserk 1, electricity resistance
a: Renounce Religion, Lesser Healing, Heal Other, Purification, Greater Healing,
Divine Vigour, Divine Protection


You were on level 10 of the Dungeon.
You worshipped Elyvilon.
Elyvilon was exalted by your worship.
You visited 2 branches of the dungeon, and saw 11 of its levels.

You collected 358 gold pieces.
You spent 66 gold pieces at shops.

Inventory:

Hand Weapons
 a - a +2 dagger (weapon)
Missiles
 d - 6 poisoned darts (quivered)
 e - a curare-tipped dart
 j - 47 bolts
Armour
 b - a +1 robe (worn)
 c - a +0 cloak (worn)
Jewellery
 l - a +4 ring of evasion (left claw)
 q - a ring of flight
 y - a ring of protection from fire (right claw)
Scrolls
 h - 4 scrolls of teleportation
 i - a scroll of amnesia
 n - 3 scrolls of noise {unknown}
 u - a scroll of enchant weapon
 v - a scroll of blinking
 w - 2 scrolls of fear {unknown}
 z - 2 scrolls of immolation {unknown}
 C - a scroll of holy word {unknown}
Potions
 f - 4 potions of might
 g - 2 potions of attraction
 k - 3 potions of haste
 o - 2 potions of degeneration {unknown}
 p - a potion of curing
 s - a potion of ambrosia
 x - a potion of lignification
 A - a potion of heal wounds
 B - 2 potions of brilliance {unknown}


   Skills:
 - Level 2.9 Fighting
 - Level 7.6 Short Blades
 - Level 2.0 Throwing
 - Level 4.7 Dodging
 * Level 15.0 Stealth
 - Level 3.9 Spellcasting
 - Level 1.5 Conjurations
 - Level 3.9 Hexes
 - Level 2.4 Summonings
 - Level 1.8 Air Magic
 * Level 2.8 Evocations


You had 11 spell levels left.
You knew the following spells:

 Your Spells              Type           Power      Damage    Failure   Level
a - Summon Small Mammal   Summ           32%        N/A       8%          1
b - Shock                 Conj/Air       28%        1d4       11%         1
c - Summon Guardian Gole  Hex/Summ       10%        N/A       17%         3

Your spell library contained the following spells:

 Spells                   Type           Power      Damage    Failure   Level
 Foxfire                  Conj/Fire      16%        2x1d4     16%         1
 Call Canine Familiar     Summ           8%         N/A       24%         3
 Inner Flame              Hex/Fire       7%         N/A       28%         3
 Portal Projectile        Hex/Tloc       14%        N/A       28%         3
 Swiftness                Air            7%         N/A       28%         3
 Conjure Flame            Conj/Fire      4%         6-21      41%         3
 Ozocubu's Armour         Ice            2%         N/A       54%         3
 Airstrike                Air            3%         N/A       67%         4
 Leda's Liquefaction      Hex/Erth       3%         N/A       67%         4
 Animate Armour           Summ/Erth      10%        N/A       77%         4
 Metabolic Englaciation   Hex/Ice        3%         N/A       95%         5
 Blade Hands              Tmut           1%         N/A       99%         5
 Iron Shot                Conj/Erth      2%         9d2       100%        6
 Simulacrum               Ice/Necr       1%         N/A       100%        6


Dungeon Overview and Level Annotations

Branches:
Dungeon (10/15)            Temple (1/1) D:6            Lair (0/6) D:9
    Orc: D:9-12

Altars:
Ashenzari
Cheibriados
Dithmenos
Elyvilon
Fedhas
Gozag
Hepliaklqana
Kikubaaqudgha
Makhleb
Nemelex Xobeh
Okawaru
Qazlal
Ru
Sif Muna
Trog
Uskayaw
Vehumet
Wu Jian
Xom
Yredelemnul
Zin

Shops:
D:3 ?((?

Annotations:
D:6 Grinder
D:9 Maurice


Innate Abilities, Weirdness & Mutations

You are very small and have problems with some larger weapons.
You are too small for most types of armour.
You have supernaturally acute eyesight. (SInv)
You cover ground extremely quickly. (Speed+++)
You have sharp fingernails.
You tend to lose your temper in combat.
You are resistant to electric shocks. (rElec)


Message History

You closely miss the killer bee.
You feel sick. The killer bee misses you.
You closely miss the killer bee. The killer bee barely misses you.
You puncture the killer bee!
The killer bee is heavily wounded.
You feel sick. The killer bee misses you.
You miss the killer bee.
The killer bee is heavily wounded.
The killer bee closely misses you.
You miss the killer bee.
The killer bee is heavily wounded.
The killer bee completely misses you.
The two-headed ogre completely misses you.
The two-headed ogre hits you with a +0 giant club!
You miss the killer bee.
The killer bee is heavily wounded.
You feel sick. The killer bee completely misses you.
You miss the killer bee.
The killer bee is heavily wounded.
You hit the killer bee.
The killer bee is severely wounded.
You feel sick.
You are no longer poisoned.
The killer bee closely misses you.
The two-headed ogre closely misses you. x2
You hit the killer bee.
The killer bee is almost dead.
The killer bee closely misses you.
You hit the killer bee.
You kill the killer bee!
You miss the killer bee. The killer bee misses you.
You miss the killer bee. The two-headed ogre misses you.
The two-headed ogre hits you with a +0 giant club!
You barely miss the killer bee. The killer bee misses you.
You barely miss the killer bee. The killer bee misses you.
You hit the killer bee.
The killer bee is moderately wounded.
You are no longer berserk.
You are exhausted.
You feel yourself slow down. The killer bee stings you.
The two-headed ogre hits you with a +0 giant club!!
You die...

.# #.. #.........# .#
#..###.........## .#
#................ .#
#.#.#.[y#.###### .# #.#
#.#.#...#.# .# ... #.#.#...#.#
.###.# #.#..####.# ########
.#.... #.##.## #O# #.......
.###.###.##..# #@# #.......
..#......###.###y#########.......
.y##....!..............[.........
..##..Z....?................#####
.y..y.o.....................# #
#####.......................# #
#..........[............# #
#†......................# #
#.......................# #


You could see a two-headed ogre and a killer bee.

Vanquished Creatures
  Joseph (D:8)
  A wyvern (D:9)
  Edmund (D:6)
  An acid dragon (D:8)
  2 orc warriors
  2 sky beasts
  3 ogres
  3 necrophages (D:7)
  2 centaurs
  2 phantoms
  A bullfrog (D:5)
  2 scorpions (D:5)
  2 water moccasin skeletons (D:4)
  A wyvern skeleton (D:5)
  14 killer bees
  A wight (D:7)
  3 howler monkeys
  2 centaur zombies
  A hound (D:5)
  A bullfrog zombie (D:7)
  A centaur skeleton (D:7)
  A bullfrog skeleton (D:5)
  3 orc priests
  3 iguanas
  Natasha (thrice) (D:3)
  5 orc wizards
  2 killer bee zombies
  2 mummies (D:7)
  2 howler monkey zombies (D:7)
  Robin (D:2)
  4 adders
  A shadow imp (D:4)
  2 white imps
  An ufetubus (D:6)
  4 worms
  3 dart slugs
  28 orcs
  11 endoplasms
  A giant cockroach (D:2)
  11 hobgoblins
  A quokka (D:4)
  3 ball pythons (D:1)
  3 bats
  4 frilled lizards
  12 goblins
  A jackal skeleton (D:4)
  6 kobolds
  A kobold skeleton (D:8)
  6 rats
172 creatures vanquished.

Vanquished Creatures (others)
  2 golden eyes (shapeshifter) (D:10)
  8 fungi
  2 plants (D:9)
12 creatures vanquished.

Grand Total: 184 creatures vanquished

Notes
Turn   | Place    | Note
-------+----------+-------------------------------------------
     0 | D:1      | ces the Spriggan Brigand began the quest for the Orb.
     0 | D:1      | Reached XP level 1. HP: 10/10 MP: 2/2
   475 | D:1      | Reached skill level 6 in Stealth
  1121 | D:1      | Found a faded altar of an unknown god.
  1353 | D:1      | Reached XP level 2. HP: 15/15 MP: 3/3
  1500 | D:1      | Became a worshipper of Elyvilon the Healer
  1500 | D:1      | Reached * piety under Elyvilon
  1908 | D:1      | Reached ** piety under Elyvilon
  2330 | D:2      | Found a blossoming altar of Fedhas.
  2340 | D:2      | Reached XP level 3. HP: 18/18 MP: 4/4
  2384 | D:2      | Reached skill level 7 in Stealth
  2674 | D:2      | Noticed Robin
  2719 | D:2      | Killed Robin
  2975 | D:2      | Reached XP level 4. HP: 18/23 MP: 5/5
  3146 | D:3      | Found Dinguywee's Magic Scroll Shop.
  3149 | D:3      | Bought a scroll of identify for 20 gold pieces
  3149 | D:3      | Bought a scroll of identify for 20 gold pieces
  3596 | D:3      | Found Ithi's Antique Weapon Shoppe.
  3604 | D:3      | Found a sparkling altar of Nemelex Xobeh.
  3617 | D:3      | Reached *** piety under Elyvilon
  3737 | D:3      | Noticed Natasha
  3750 | D:3      | Killed Natasha
  3895 | D:3      | Found Zaex's Weapon Emporium.
  3937 | D:3      | Found Odecir's Magic Scroll Shoppe.
  4222 | D:3      | Noticed Natasha
  4236 | D:3      | Killed Natasha
  4237 | D:3      | Reached XP level 5. HP: 23/26 MP: 6/6
  4321 | D:3      | Noticed Natasha
  4336 | D:3      | Killed Natasha
  4756 | D:4      | Noticed a phantom
  5277 | D:3      | Bought a scroll of identify for 26 gold pieces
  5327 | D:4      | Reached skill level 8 in Stealth
  5437 | D:4      | Found an opulent altar of Gozag.
  5487 | D:4      | Found an opulent altar of Gozag.
  5487 | D:4      | Found an opulent altar of Gozag.
  5490 | D:4      | Reached **** piety under Elyvilon
  5492 | D:4      | Found an opulent altar of Gozag.
  5658 | D:4      | Killed a phantom
  5659 | D:4      | Reached skill level 5 in Short Blades
  5659 | D:4      | Reached XP level 6. HP: 12/30 MP: 7/7
  6203 | D:4      | Reached XP level 7. HP: 20/35 MP: 8/8
  6829 | D:5      | Entered Level 5 of the Dungeon
  7493 | D:5      | Learned a level 1 spell: Summon Small Mammal
  7495 | D:5      | Learned a level 1 spell: Shock
  7499 | D:5      | Learned a level 3 spell: Summon Guardian Golem
  7500 | D:5      | Gained mutation: Your skin changes colour to match your
                  | surroundings (Stealth+). [potion of mutation]
  7500 | D:5      | Gained mutation: You are frail. (-10% HP) [potion of
                  | mutation]
  7500 | D:5      | Gained mutation: You have an increased reservoir of magic.
                  | (+10% MP) [potion of mutation]
  7501 | D:5      | Lost mutation: You are frail. (-10% HP) [potion of
                  | mutation]
  7501 | D:5      | Lost mutation: Your skin changes colour to match your
                  | surroundings (Stealth+). [potion of mutation]
  7501 | D:5      | Lost mutation: You have an increased reservoir of magic.
                  | (+10% MP) [potion of mutation]
  7501 | D:5      | Gained mutation: You have a pair of small horns on your
                  | head. [potion of mutation]
  7501 | D:5      | Gained mutation: Your spells are a little easier to cast,
                  | but a little less powerful. [potion of mutation]
  7501 | D:5      | Gained mutation: Your flesh is heat resistant. (rF+)
                  | [potion of mutation]
  7502 | D:5      | Lost mutation: Your flesh is heat resistant. (rF+) [potion
                  | of mutation]
  7502 | D:5      | Lost mutation: Your spells are a little easier to cast, but
                  | a little less powerful. [potion of mutation]
  7502 | D:5      | Lost mutation: You have a pair of small horns on your head.
                  | [potion of mutation]
  7502 | D:5      | Gained mutation: You have sharp fingernails. [potion of
                  | mutation]
  7502 | D:5      | Gained mutation: You tend to lose your temper in combat.
                  | [potion of mutation]
  7502 | D:5      | Gained mutation: You are resistant to electric shocks.
                  | (rElec) [potion of mutation]
  8337 | D:5      | Reached XP level 8. HP: 28/39 MP: 10/10
  8443 | D:5      | Reached skill level 9 in Stealth
  8443 | D:5      | Reached skill level 1 in Spellcasting
  8443 | D:5      | Reached skill level 1 in Hexes
  8899 | D:6      | Found an iron altar of Okawaru.
  8906 | D:6      | Reached ***** piety under Elyvilon
  9175 | D:6      | Reached skill level 10 in Stealth
  9489 | D:6      | Found a staircase to the Ecumenical Temple.
  9491 | D:6      | Noticed Edmund
  9494 | D:6      | Killed Edmund
  9632 | Temple   | Entered the Ecumenical Temple
 10176 | D:6      | Reached skill level 1 in Summonings
 10663 | D:6      | Noticed Grinder
 10946 | D:7      | Reached skill level 11 in Stealth
 11563 | D:7      | Reached skill level 1 in Air Magic
 11868 | D:7      | Elyvilon protects you from harm!
 12268 | D:7      | Reached XP level 9. HP: 43/43 MP: 14/14
 12688 | D:7      | Reached skill level 1 in Conjurations
 13319 | D:8      | Noticed Joseph
 13325 | D:8      | Killed Joseph
 13326 | D:8      | Reached skill level 12 in Stealth
 13623 | D:8      | Reached skill level 13 in Stealth
 13796 | D:8      | Reached skill level 1 in Evocations
 14430 | D:8      | Found a runed translucent door.
 14433 | D:8      | Found a basalt altar of Yredelemnul.
 14609 | D:9      | Noticed Maurice
 14742 | D:9      | Noticed a kobold demonologist
 14742 | D:9      | Noticed a kobold demonologist
 14742 | D:9      | Noticed a kobold demonologist
 14742 | D:9      | Noticed a kobold demonologist
 14743 | D:9      | Noticed a rust devil
 14749 | D:8      | Noticed a rust devil
 14820 | D:9      | Reached ****** piety under Elyvilon
 14948 | D:9      | Found a staircase to the Lair.
 14996 | D:9      | Reached skill level 14 in Stealth
 15849 | D:9      | Noticed a sixfirhy
 16148 | D:10     | Entered Level 10 of the Dungeon
 16397 | D:10     | Noticed a two-headed ogre
 16488 | D:10     | Noticed a brown ugly thing
 16488 | D:10     | Noticed an efreet
 16489 | D:10     | Noticed a centaur warrior
 16489 | D:10     | Noticed a wizard
 16489 | D:10     | Noticed a six-headed hydra
 16498 | D:10     | Noticed a cyclops
 16499 | D:10     | Noticed a yaktaur
 16499 | D:10     | Noticed an unseen horror
 16508 | D:10     | Noticed a manticore
 16509 | D:10     | Noticed a cane toad
 16519 | D:10     | Noticed a fire crab
 16609 | D:10     | Reached XP level 10. HP: 29/48 MP: 13/16
 16984 | D:10     | Reached skill level 15 in Stealth
 16999 | D:10     | Slain by a two-headed ogre

Illustrated notes

Levels and vault maps discovered:
D:1:      minmay_arrival_shoal_huts, layout_basic,
          chequers_ecumenical_altar_simple
D:2:      layout_basic, basic_altar, uniq_robin
D:3:      layout_loops_ring, nemelex_xobeh_ov_fountains_minmay, serial_shops,
          nicolae_shop_behind_doors, shop_fountains, nicolae_lakefront_shop,
          shop, amethyst_killhole, uniq_natasha
D:4:      layout_cave_pods, nicolae_gozag_conspicuous_consumption,
          kennysheep_boxes
D:5:      layout_basic, amcnicky_mini_corridor_feature
D:6:      layout_loops_corners, okawaru_ov_weapons_minmay,
          minmay_temple_entry_stoned_glass, uniq_crazy_yiuf_cottage,
          uniq_grinder, uniq_edmund
D:7:      layout_layer_cave, serial_undead, serial_undead_d, serial_undead_c,
          serial_undead_d, serial_undead_c, serial_undead_a
D:8:      layout_gridville, dk_yredelemnul_ordeal, uniq_joseph
D:9:      layout_roguey, mainiacjoe_overflow_catwalk, dpeg_oklobed_lair,
          minmay_misc_feat_diagonals, uniq_maurice
D:10:     layout_basic, minmay_misc_feat_hallway, minivault_12
Temple:   bh_familiar_temple

Skill      XL: |  1  2  3  4  5  6  7  8  9 10 |
---------------+-------------------------------+-----
Stealth        | 6 7 8 11 14 15 | 15.0
Short Blades   | 3 4 5 6 7 |  7.6
Dodging        | 2 3 4 |  4.7
Fighting       | 2 |  2.9
Spellcasting   | 3 |  3.9
Hexes          | 3 |  3.9
Summonings     | 1 2 |  2.4
Air Magic      | 1 |  1.8
Conjurations   | 1 |  1.5
Evocations     | 2 |  2.8
Throwing       | |  2.0

Action                   |  1- 3 |  4- 6 |  7- 9 | 10-12 || total
-------------------------+-------+-------+-------+-------++-------
Melee: Dagger            |   108 |   185 |   503 |    34 ||   830
Throw: Dart              |    28 |    26 |    87 |     4 ||   145
 Cast: Shock             |       |       |     3 |     1 ||     4
       Summon Small Mamm |       |       |     2 |       ||     2
       Summon Guardian G |       |       |     2 |       ||     2
Invok: Greater Healing   |       |       |     1 |       ||     1
       Lesser Healing    |       |       |     4 |     3 ||     7
       Purification      |       |       |       |     1 ||     1
Evoke: Wand              |     3 |    27 |    42 |       ||    72
  Use: Scroll            |       |     7 |     7 |       ||    14
       Potion            |       |       |     3 |       ||     3
 Stab: Sleeping          |    11 |     5 |    21 |       ||    37
       Distracted        |     2 |     1 |       |       ||     3
       Paralysed         |       |       |     2 |       ||     2
Armor: Robe              |    12 |    10 |    61 |     1 ||    84
Dodge: Dodged            |    68 |   123 |   491 |    46 ||   728
